 Dungeon Crawl Stone Soup version 0.29-a0-422-gafbd6decc1 (webtiles) character file.

Game seed: 1075638420748256792

228 xian the Conjurer (level 6, -4/28 HPs)
             Began as a Vine Stalker Conjurer on May 18, 2022.
             Was an Initiate of Okawaru.
             Slain by a gnoll
             ... wielding a +0 halberd
              (10 damage)
             ... on level 5 of the Dungeon.
             The game lasted 00:07:47 (3888 turns).

xian the Conjurer (Vine Stalker Conjurer)           Turns: 3888, Time: 00:07:48

Health: -4/28      AC: 12    Str:  9    XL:     6   Next: 2%
Magic:  0/13       EV:  8    Int: 20    God:    Okawaru [......]
Gold:   254        SH:  0    Dex: 13    Spells: 10/13 levels left

rFire   . . .      SeeInvis .   g - +1 dagger (drain)
rCold   + . .      Faith    .   (no shield)
rNeg    . . .      Spirit   +   m - +2 scale mail {rC+}
rPois   .          Reflect  .   (no helmet)
rElec   .          Harm     .   (no cloak)
rCorr   .          Rampage  .   (no gloves)
Will    .....                   (no boots)
Stlth   +.........              v - amulet of the acrobat
HPRegen 0.89/turn               i - +4 ring of protection
MPRegen 0.13/turn               (no ring)

@: very slightly contaminated
A: fangs 2, regeneration 1, magic shield, antimagic bite, no potion heal 2
a: Renounce Religion


You were on level 5 of the Dungeon.
You worshipped Okawaru.
Okawaru was noncommittal.
You visited 1 branch of the dungeon, and saw 5 of its levels.

You collected 254 gold pieces.

Inventory:

Hand Weapons
 g - a +1 dagger of draining (weapon)
Missiles
 h - 4 poisoned darts
 n - 3 boomerangs of dispersal
Armour
 a - a +0 robe
 m - a +2 scale mail of cold resistance (worn)
Magical Staves
 u - a staff of conjuration
Jewellery
 i - a +4 ring of protection (left hand)
 r - an amulet of reflection
 v - an amulet of the acrobat (around neck)
Scrolls
 f - a scroll of poison {unknown}
 j - a scroll of fear {unknown}
 k - a scroll of vulnerability {unknown}
 l - 3 scrolls of identify {unknown}
 o - a scroll of enchant weapon {unknown}
 p - 2 scrolls of enchant armour {unknown}
 s - a scroll of summoning {unknown}
Potions
 b - 2 potions of magic
 c - 2 potions of haste {unknown}
 d - a potion of flight {unknown}
 e - 3 potions of curing {unknown}
 q - 3 potions of heal wounds {unknown}
 t - 2 potions of cancellation {unknown}


   Skills:
 + Level 0.1 Fighting
 + Level 0.2 Short Blades
 + Level 1.1 Armour
 + Level 1.8 Dodging
 + Level 3.0 Stealth
 + Level 4.0 Spellcasting
 + Level 5.5 Conjurations


You had 10 spell levels left.
You knew the following spells:

 Your Spells              Type           Power      Damage    Failure   Level
a - Magic Dart            Conj           100%       1d8       11%         1
b - Searing Ray           Conj           52%        2d6       16%         2

Your spell library contained the following spells:

 Spells                   Type           Power      Damage    Failure   Level
 Conjure Flame            Conj/Fire      15%        6-21      69%         3
 Dazzling Flash           Conj/Hex       30%        N/A       69%         3
 Apportation              Tloc           8%         N/A       71%         1
 Ignite Poison            Fire/Tmut/Pois 4%         N/A       97%         3
 Fulminant Prism          Conj/Hex       7%         3d7       97%         4
 Iskenderun's Mystic Bla  Conj/Tloc      15%        2d5       97%         4
 Sticky Flame             Conj/Fire      15%        2d4       97%         4
 Animate Skeleton         Necr           Unusable   N/A       N/A         1
 Summon Small Mammal      Summ           Unusable   N/A       N/A         1

Dungeon Overview and Level Annotations

Branches:
Dungeon (5/15)
 Temple: D:4-7

Altars:
Okawaru
Xom

Shops:
D:4 (


Innate Abilities, Weirdness & Mutations

You have extremely sharp teeth.
Your natural rate of healing is unusually fast.
When hurt, damage is shared between your health and your magic reserves.
Your bite disrupts and absorbs the magic of your enemies.
Potions cannot restore your health.


Message History

The magic dart hits the hound.
The hound is moderately wounded.
The hound barely misses you. The hound bites you.
The gnoll hits you but does no damage.
The magic dart hits the hound.
The hound is heavily wounded.
The hound completely misses you. The gnoll hits you but does no damage.
The gnoll hits you with a +0 flail.
The magic dart hits the hound.
The hound is heavily wounded.
The hound bites you but does no damage. The gnoll barely misses you.
The hound barely misses you. The gnoll closely misses you.
The gnoll hits you but does no damage. The gnoll barely misses you.
The magic dart hits the hound.
The hound is almost dead.
The hound completely misses you. The gnoll hits you with a +0 whip.
The gnoll hits you from afar with a +0 halberd.
The gnoll hits you with a +0 flail. The gnoll barely misses you.
You are too injured to fight recklessly!
You are too injured to fight recklessly!
You are too injured to fight recklessly!
Unknown command.
You don't have enough magic to cast this spell.
Unknown command.
Okay, then.
You hit the hound.
The hound is almost dead.
The hound bites you but does no damage. The gnoll closely misses you.
The hound barely misses you.
The gnoll hits you from afar with a +0 halberd.
* * * LOW HITPOINT WARNING * * *
The gnoll hits you with a +0 flail.
* * * LOW HITPOINT WARNING * * *
The gnoll closely misses you.
You miss the hound.
The hound is almost dead.
The hound closely misses you. The gnoll hits you but does no damage.
The gnoll barely misses you. x2
The gnoll hits you from afar with a +0 halberd!
You die...

#+ #......
##.###..... .
.......... ..
#.?.....# ...
.......# ....
.....#.....
#.gg......
#@hg......
........g.......
?##.##..........
#..........
...........
+........###
#..........
#.#........


You could see a hound and 4 gnolls.

Vanquished Creatures
  A scorpion (D:4)
  Terence (D:2)
  An iguana (D:5)
  3 adders
  A white imp (D:5)
  An ufetubus (D:5)
  4 dart slugs
  3 orcs
  2 endoplasms
  2 giant cockroaches
  11 goblins
  4 hobgoblins
  2 jackals (D:2)
  4 quokkas
  9 ball pythons
  7 bats
  3 frilled lizards
  9 kobolds
  4 rats
72 creatures vanquished.

Vanquished Creatures (others)
  5 fungi (D:3)
  6 toadstools (D:3)
11 creatures vanquished.

Grand Total: 83 creatures vanquished

Notes
Turn   | Place    | Note
-------+----------+-------------------------------------------
     0 | D:1      | xian the Vine Stalker Conjurer began the quest for the Orb.
     0 | D:1      | Reached XP level 1. HP: 9/9 MP: 4/4
   156 | D:1      | Reached XP level 2. HP: 12/13 MP: 0/6
   724 | D:1      | Learned a level 2 spell: Searing Ray
   742 | D:1      | Found a faded altar of an unknown god.
   932 | D:1      | Reached XP level 3. HP: 14/16 MP: 2/7
  1700 | D:2      | Noticed Terence
  1717 | D:2      | Killed Terence
  1718 | D:2      | Gained mutation: Your natural rate of healing is unusually
                  | fast. [Vine Stalker growth]
  1718 | D:2      | Reached XP level 4. HP: 4/21 MP: 0/9
  2559 | D:3      | Reached skill level 5 in Conjurations
  3244 | D:4      | Reached XP level 5. HP: 24/24 MP: 8/11
  3269 | D:4      | Found Soywyv's Antique Weapon Shop.
  3527 | D:4      | Found an iron altar of Okawaru.
  3543 | D:4      | Became a worshipper of Warmaster Okawaru
  3680 | D:4      | Found a shimmering altar of Xom.
  3861 | D:5      | Entered Level 5 of the Dungeon
  3875 | D:5      | Reached skill level 1 in Armour
  3879 | D:5      | Reached XP level 6. HP: 26/28 MP: 8/13
  3888 | D:5      | Slain by a gnoll

Illustrated notes

Levels and vault maps discovered:
D:1:      erik_arrival_triangle_large, layout_basic,
          ebering_ecumenical_altar_ruins,
          nicolae_concentric_dashed_squares_wild, patterned_corridor
D:2:      layout_basic, uniq_terence
D:3:      layout_rooms, minmay_gold_behind_fungi
D:4:      layout_cave_pools, mainiacjoe_overflow_six_doors_small,
          mainiacjoe_overflow_brackets, serial_shops, shop
D:5:      layout_basic, minmay_temple_entry_crystal_x, serial_shops, shop_statue

Skill      XL: |  1  2  3  4  5 |
---------------+----------------+-----
Spellcasting   | 3 4 |  4.0
Conjurations   | 5 |  5.5
Stealth        | 3 |  3.0
Armour         | 1 |  1.1
Fighting       | |  0.1
Short Blades   | |  0.2
Dodging        | |  1.8

Action                   |  1- 3 |  4- 6 || total
-------------------------+-------+-------++-------
Melee: Unarmed           |     4 |       ||     4
       Bite              |     5 |     7 ||    12
       Dagger            |     9 |    18 ||    27
 Cast: Magic Dart        |    78 |    89 ||   167
Armor: Robe              |     6 |       ||     6
       Scale mail        |       |    53 ||    53
Dodge: Dodged            |    21 |    54 ||    75

Table legend: (Time is in decaauts)
 A = Elapsed time spent in this place.
 B = Non-inter-level travel time spent in this place.
 C = Inter-level travel time spent in this place.
 D = Time resting spent in this place.
 E = Time spent auto-exploring this place.
 F = Levels seen in this place.
 G = Mean time per level.
                   A        B        C        D        E       F      G
               +--------+--------+--------+--------+--------+-----+--------+
         Total |   3886 |   3868 |     18 |      0 |   3382 |   5 |  777.2 |
       Dungeon |   3886 |   3868 |     18 |      0 |   3382 |   5 |  777.2 |
               +--------+--------+--------+--------+--------+-----+--------+

Top non-repeatable levels by time:
     D:1: 1580 daAuts
     D:2: 936 daAuts
     D:3: 674 daAuts
     D:4: 667 daAuts
     D:5: 26 daAuts
